 Dungeon Crawl Stone Soup version 0.14-a0-1388-g200237c (webtiles) character file.

53 Psiweapon the Grave Robber (level 3, -3/26 HPs)
             Began as a Mummy Necromancer on Dec 9, 2013.
             Slain by a gnoll
             ... wielding a cursed -3,-1 spear
              (6 damage)
             ... on Level 2 of the Dungeon.
             The game lasted 00:06:55 (1955 turns).

Psiweapon the Grave Robber (Mummy Necromancer)      Turns: 1955, Time: 00:06:55

HP  -3/26        AC  3     Str 12      XL: 3   Next:  8%
MP   1/6         EV 11     Int 14      God:
Gold 21          SH  0     Dex 12      Spells:  3 memorised,  0 levels left

rFire  x . .     SeeInvis .     f - +1,+0 elf spear (drain)
rCold  + . .     Clarity  .     i - +0 leather armour
rNeg   + + +     Conserve .     (no shield)
rPois  +         rCorr    .     (no helmet)
rElec  .         rRot     +     (no cloak)
SustAb . .       Spirit   .     (no gloves)
rMut   .         Warding  .     (no boots)
Saprov . . .     Stasis   .     (no amulet)
                                (no ring)
                                (no ring)

@: slightly resistant to hostile enchantments, fairly stealthy
A: no food or potions, fire vulnerability, restore body, cold resistance 1, life
protection 3, poison resistance, torment resistance, unbreathing
a: no special abilities


You were on level 2 of the Dungeon.
You were not hungry.

You visited 1 branch of the dungeon, and saw 2 of its levels.

You collected 21 gold pieces.

Inventory:

Hand weapons
 c - a +0,+0 club
 f - a +1,+0 elven spear of draining (weapon)
 g - a +0,+2 dagger of venom
Armour
 a - a +0 robe
 i - a +0 leather armour (worn)
Scrolls
 d - 2 scrolls of identify {unknown}
 e - 2 scrolls of remove curse {unknown}
 h - a scroll of enchant weapon II {unknown}
 j - a scroll of recharging {unknown}
Books
 b - a book of Necromancy

   Spells                             Type                      Level
   *Pain                              Necromancy                   1
   Animate Skeleton                   Necromancy                   1
   *Lethal Infusion                   Charms/Necromancy            2
   *Vampiric Draining                 Necromancy                   3
   Regeneration                       Charms/Necromancy            3
   Animate Dead                       Necromancy                   4
   Control Undead                     Necromancy                   4


   Skills:
 - Level 1.1 Fighting
 - Level 2.0 Dodging
 + Level 2.4 Stealth
 - Level 2.0 Spellcasting
 + Level 4.0 Necromancy


You couldn't memorise any spells.
You knew the following spells:

 Your Spells              Type           Power        Failure   Level  Hunger
a - Pain                  Necr           ##..         4%          1    N/A
b - Lethal Infusion       Chrm/Necr      #.........   17%         2    N/A
c - Vampiric Draining     Necr           ##........   14%         3    N/A

Dungeon Overview and Level Annotations

Branches:
Dungeon (2/16)

Altars:


Innate Abilities, Weirdness & Mutations

You do not eat or drink.
Your flesh is vulnerable to fire.
Your flesh is cold resistant.
You are immune to negative energy.
Your system is resistant to poisons.
You are immune to unholy pain and torment.
You can survive without breathing.


Message History

The gnoll hits you from afar with a spear.
Attack whom?
Press: ? - help, Dir - move target cursor, f/p - gnoll
Aim: a gnoll, wielding a spear (heavily wounded)
You reach to attack!
You hit the gnoll. You drain the gnoll!
The gnoll is almost dead.
The gnoll hits you from afar with a spear! 2 gnolls come into view.
The gnoll hits you with a spear.
Casting: Lethal Infusion
Confirm with . or Enter, or press ? or * to list all spells.
Your +1,+0 elven spear of draining flashes.
The gnoll hits you with a spear!
* * * LOW HITPOINT WARNING * * *
Casting: Lethal Infusion
Confirm with . or Enter, or press ? or * to list all spells.
You don't know that spell.
Sorry, you're not good enough to have a special ability.
The gnoll hits you with a spear.
You die...

################
#####.).....<..?...#####
................@......#
....)............g.....#
.......................+
...............###....$#
......########## .....#
####### ..... .g. g.


You could see 3 gnolls.

Vanquished Creatures
  An adder (D:2)
  An ooze (D:1)
  3 bats
  2 goblins (D:1)
  7 hobgoblins
  4 kobolds
  2 giant cockroaches
  A giant gecko (D:1)
  A giant newt (D:1)
22 creatures vanquished.

Notes
Turn   | Place    | Note
--------------------------------------------------------------
     0 | D:1      | Psiweapon, the Mummy Necromancer, began the quest for the Orb.
     0 | D:1      | Reached XP level 1. HP: 13/13 MP: 3/3
   295 | D:1      | Reached XP level 2. HP: 14/19 MP: 0/4
   428 | D:1      | Learned a level 2 spell: Lethal Infusion
  1720 | D:2      | Reached skill level 1 in Fighting
  1720 | D:2      | Reached XP level 3. HP: 9/26 MP: 1/6
  1934 | D:2      | Learned a level 3 spell: Vampiric Draining
  1955 | D:2      | Slain by a gnoll

Action                   || total
-------------------------++-------
Melee: Club              ||    40
       Spear             ||    28
 Cast: Pain              ||    29
       Lethal Infusion   ||     9
